 Dungeon Crawl Stone Soup version 0.17.0-15-g6d90897 (webtiles) character file.

1521 bart the Cleaver (level 8, 0/38 HPs)
             Began as a Vine Stalker Gladiator on Nov 10, 2015.
             Was an Initiate of the Shining One.
             Slain by a big kobold
             ... wielding a +0 club
              (4 damage)
             ... on level 8 of the Dungeon.
             The game lasted 00:06:46 (1495 turns).

bart the Cleaver (Vine Stalker Gladiator)           Turns: 1495, Time: 00:06:46

Health: 0/38       AC:  7    Str: 21    XL:     8   Next: 84%
Magic:  0/9        EV: 12    Int:  8    God:    the Shining One [......]
Gold:   55         SH:  0    Dex: 14    Spells: 0 memorised, 7 levels left

rFire  . . .     SeeInvis .     a - +0 war axe
rCold  . . .     Clarity  .     l - +0 ring mail (curse)
rNeg   . . .     SustAt   .     (no shield)
rPois  .         Gourm    .     o - +0 helmet
rElec  .         Spirit   +     (no cloak)
rCorr  .         Warding  .     p - +0 pair of gloves
rMut   .         Stasis   .     (no boots)
MR     +....                    (no amulet)
Stlth  +.........               (no ring)
                                (no ring)

@: somewhat resistant to hostile enchantments, very unstealthy
A: fangs 3, regeneration 2, magic shield, antimagic bite, no device heal 3, rot
immunity
a: Renounce Religion


You were on level 8 of the Dungeon.
You worshipped the Shining One.
The Shining One was noncommittal.
You were very hungry.

You visited 2 branches of the dungeon, and saw 9 of its levels.

You collected 145 gold pieces.
You spent 90 gold pieces at shops.

Inventory:

Hand Weapons
 a - a +0 war axe (weapon)
Missiles
 d - 2 throwing nets {=f}
 n - 15 stones (quivered)
Armour
 l - a cursed +0 ring mail (worn)
 o - a +0 helmet (worn)
 p - a +0 pair of gloves (worn)
Scrolls
 f - 2 scrolls of fear {unknown}
 h - 4 scrolls of identify {unknown}
 k - a scroll of teleportation {unknown}
Potions
 g - a potion of flight {unknown}
 i - a potion of agility {unknown}
 j - 2 potions of poison {unknown}
 m - a potion of curing {unknown}
 q - a potion of haste {unknown}
Books
 b - a book of Spatial Translocations
Comestibles
 c - a royal jelly
 e - a bread ration


   Skills:
 - Level 1.7 Fighting
 + Level 10.2 Axes
 - Level 1.7 Throwing
 - Level 2.4 Dodging


You had 7 spell levels left.
You didn't know any spells.

Dungeon Overview and Level Annotations

Branches:
Dungeon (8/15)             Temple (1/1) D:7
   Lair: D:8-11

Altars:
Dithmenos
Elyvilon
Fedhas
Gozag
Kikubaaqudgha
Makhleb
Nemelex Xobeh
Okawaru
Qazlal
Ru
Sif Muna
Trog
Vehumet
Xom
Yredelemnul
Zin
The Shining One

Shops:
D:6 [


Innate Abilities, Weirdness & Mutations

You have razor-sharp teeth.
You heal very quickly.
When hurt, damage is shared between your health and your magic reserves.
Your bite disrupts and absorbs the magic of your enemies.
Potions and wands cannot restore your health.
You are immune to rotting.


Message History

The hippogriff bites you! The hippogriff closely misses you.
The hippogriff misses you.
You hit the hippogriff.
The hippogriff is heavily wounded.
The hippogriff closely misses you. The hippogriff pecks you.
The hippogriff completely misses you. The hippogriff misses you.
The hippogriff pecks you but does no damage.
The hippogriff closely misses you.
You slash the hippogriff!
The hippogriff is almost dead.
The hippogriff bites you but does no damage.
The hippogriff barely misses you. The hippogriff closely misses you.
You hit the hippogriff.
You kill the hippogriff!
Magic restored.
There is a stone staircase leading down here.
You climb downwards.
A crimson imp comes into view.
The crimson imp shouts!
Found a scroll labeled BARENA GAZIY.
Found a white marble altar of Elyvilon and a sacrificial altar of Ru.
There is a stone staircase leading up here.
Found a stormy altar of Qazlal and an iron altar of Okawaru.
A kobold comes into view.
The kobold shouts!
Found a burning altar of Makhleb and a basalt altar of Yredelemnul.
You see here a scroll labeled BARENA GAZIY.
f - 2 scrolls labeled BARENA GAZIY (gained 1)
The kobold throws a stone.
The stone closely misses you.
The crimson imp shouts, "Scamper home, thou worthless clay-brained strumpet!"
The crimson imp closely misses you.
A kobold comes into view. It is wielding a short sword.
You barely miss the crimson imp.
The kobold shouts!
The kobold throws a stone.
The stone hits you but does no damage. The crimson imp closely misses you.
A wyvern and a big kobold come into view.
You barely miss the crimson imp. You bite the crimson imp!
The crimson imp's magic leaks into the air.
You drain its magic.
The crimson imp is heavily wounded.
The kobold throws a stone.
The stone hits you but does no damage. The crimson imp closely misses you.
The big kobold throws a stone.
The stone closely misses you.
The kobold throws a stone.
The stone barely misses you.
You closely miss the crimson imp. You bite the crimson imp.
The crimson imp's magic leaks into the air.
You drain its magic.
The crimson imp is almost dead.
The crimson imp falters for a moment.
You miss the crimson imp.
The crimson imp is severely wounded.
The crimson imp hits you but does no damage.
You slash the crimson imp!
You kill the crimson imp!
You closely miss the wyvern. The wyvern misses you. The wyvern bites you!
You closely miss the wyvern. You bite the wyvern, but do no damage.
You barely miss the kobold. The wyvern bites you!
The kobold hits you but does no damage.
You slash the wyvern!
The wyvern is heavily wounded.
You closely miss the kobold. The wyvern bites you.
* * * LOW HITPOINT WARNING * * *
The wyvern misses you.
You are too injured to fight recklessly!
You are too injured to fight recklessly!
You are too injured to fight recklessly!
You hit the wyvern. You bite the wyvern. You drain its power.
You feel invigorated.
The wyvern is severely wounded.
You hit the kobold.
You kill the kobold!
The wyvern bites you.
* * * LOW HITPOINT WARNING * * *
You barely miss the wyvern.
The wyvern is severely wounded.
The wyvern closely misses you. The wyvern bites you!
* * * LOW HITPOINT WARNING * * *
You slash the wyvern!
You kill the wyvern!
Your Axes skill increases to level 10!
You hit the big kobold.
The big kobold is moderately wounded.
The big kobold hits you with a club.
* * * LOW HITPOINT WARNING * * *
You hit the kobold.
You kill the kobold!
You slash the big kobold!
The big kobold is heavily wounded.
The big kobold barely misses you.
Unknown command.
The big kobold hits you but does no damage.
Items here: ( ) †† a short sword; 4 stones; a kobold corpse; a wyvern corpse Unknown command.
You closely miss the big kobold.
You bite the big kobold, but do no damage.
The big kobold is heavily wounded.
The big kobold hits you with a club.
You die...

####
##+#####...##
##...#...._...
##......._..._.
##..............
#...........♣...
+.......K.......
#......(@._..._.
##..<......._...
##.....##....#.
##...## .#....
##+.# # ##. ..#
#..# #.## ..


You could see a big kobold.

Vanquished Creatures
  A centaur zombie (D:7)
  A wyvern (D:8)
  A hippogriff (D:7)
  An ogre (D:6)
  2 centaurs
  A big kobold (D:7)
  A giant frog (D:6)
  2 scorpions (D:5)
  5 crimson imps
  3 hounds
  A quasit (D:7)
  2 orc priests (D:6)
  2 worker ants
  4 adders
  An adder skeleton (D:4)
  4 orcs
  2 ball pythons
  2 goblins
  3 quokkas
  2 bats
  3 giant cockroaches
  5 kobolds
  A quokka zombie (D:5)
  3 rats
53 creatures vanquished.

Notes
Turn   | Place    | Note
--------------------------------------------------------------
     0 | D:1      | bart the Vine Stalker Gladiator began the quest for the Orb.
     0 | D:1      | Reached XP level 1. HP: 11/11 MP: 2/2
   106 | D:2      | Reached skill level 3 in Axes
   119 | D:2      | Reached XP level 2. HP: 15/15 MP: 3/3
   297 | D:2      | Reached XP level 3. HP: 15/18 MP: 4/4
   344 | D:2      | Found a shadowy altar of Dithmenos.
   410 | D:4      | Found a blossoming altar of Fedhas.
   416 | D:4      | Reached skill level 4 in Axes
   424 | D:4      | Noticed a centaur
   435 | D:4      | Reached XP level 4. HP: 23/23 MP: 5/5
   442 | D:4      | Killed a centaur
   442 | D:4      | Reached skill level 5 in Axes
   442 | D:4      | Reached XP level 5. HP: 13/26 MP: 2/6
   462 | D:4      | Found a shimmering altar of Xom.
   472 | D:4      | Yermak: planning in a speedrun?
   486 | D:4      | bart: no, enjoying killing my characters.
   486 | D:4      | Yermak: on*
   503 | D:5      | Entered Level 5 of the Dungeon
   506 | D:5      | Reached skill level 6 in Axes
   506 | D:5      | Gained mutation: You heal very quickly. [Vine Stalker growth]
   506 | D:5      | Reached XP level 6. HP: 27/30 MP: 7/7
   578 | D:5      | Noticed a sky beast
   811 | D:6      | Reached skill level 7 in Axes
   811 | D:6      | Reached XP level 7. HP: 30/34 MP: 5/8
   871 | D:6      | :/
   935 | D:6      | Found Zysk's Armour Shop.
   951 | D:6      | Bought a +0 helmet for 45 gold pieces
   951 | D:6      | Bought a +0 pair of gloves for 45 gold pieces
  1031 | D:7      | Found a glowing golden altar of the Shining One.
  1099 | D:7      | Noticed a centaur zombie
  1111 | D:7      | Killed a centaur zombie
  1111 | D:7      | Reached skill level 8 in Axes
  1111 | D:7      | Gained mutation: You have razor-sharp teeth. [Vine Stalker growth]
  1111 | D:7      | Reached XP level 8. HP: 27/38 MP: 9/9
  1173 | D:7      | Reached skill level 9 in Axes
  1331 | D:7      | Found a staircase to the Ecumenical Temple.
  1340 | Temple   | Entered the Ecumenical Temple
  1358 | Temple   | Became a worshipper of the Shining One
  1476 | D:8      | Found a white marble altar of Elyvilon.
  1476 | D:8      | Found a sacrificial altar of Ru.
  1477 | D:8      | Found a stormy altar of Qazlal.
  1477 | D:8      | Found an iron altar of Okawaru.
  1479 | D:8      | Found a burning altar of Makhleb.
  1479 | D:8      | Found a basalt altar of Yredelemnul.
  1491 | D:8      | HP: 4/38 [wyvern (10)]
  1492 | D:8      | Reached skill level 10 in Axes
  1495 | D:8      | Slain by a big kobold

Action                   |  1- 3 |  4- 6 |  7- 9 || total
-------------------------+-------+-------+-------++-------
Melee: War axe           |    39 |    56 |    76 ||   171
Throw: Throwing net      |     1 |     2 |     3 ||     6
       Stone             |       |       |     1 ||     1
 Stab: Held in net/web   |     1 |       |       ||     1
       Sleeping          |     1 |       |       ||     1
  Eat: Chunk             |       |       |     1 ||     1

Vault maps used:
D:1:      dpeg_arrival_shrine
D:2:      nicolae_overflow_crystal_walls
D:3:      ashenzari_conservatory_becter
D:4:      fedhas_bush_and_centaur_altar, led_xom_imps, serial_shops, shop,
          serial_bayou_lake_a
D:5:      basic_altar, first_bread, eino_small_chamber_without_monster,
          minmay_misc_feat_x, uniq_eustachio
D:6:      serial_shops, shop, eino_small_chamber_without_monster
D:7:      basic_altar, uniq_joseph
D:8:      grunt_temple_overflow_open, serial_shops, shop, uniq_gastronok,
          uniq_erolcha, uniq_maurice
Temple:   temple_eino_lava_8

Table legend:
 A = Turns spent in this place as a percentage of turns spent in the entire game.
 B = Non-inter-level travel turns spent in this place as a percentage of non-inter-level travel turns spent in the entire game.
 C = Inter-level travel turns spent in this place as a percentage of turns spent in this place.
 D = Turns resting spent in this place as a percentage of non-inter-level travel turns spent in this place.
 E = Turns spent auto-exploring this place as a percentage of non-inter-level travel turns spent in this place.
 F = Non-inter-level travel turns spent in this place divided by the number of levels of this place that you've seen.
                   A       B       C       D       E      F
               +-------+-------+-------+-------+-------+----------------------
         Total | 100.0 | 100.0 |   0.0 |   0.2 |   0.0 | 133.6
       Dungeon |  97.9 |  97.9 |   0.0 |   0.2 |   0.0 | 147.1
        Temple |   2.1 |   2.1 |   0.0 |   0.0 |   0.0 |  25.0
               +-------+-------+-------+-------+-------+----------------------

Table legend:
 A = Kills in this place as a percentage of kills in entire the game.
 B = Kills by you in this place as a percentage of kills by you in the entire game.
 C = Kills by friends in this place as a percentage of kills by friends in the entire game.
 D = Other kills in this place as a percentage of other kills in the entire game.
 E = Experience gained in this place as a percentage of experience gained in the entire game.
 F = Experience gained in this place divided by the number of levels of this place that you have seen.
                   A       B       C       D       E      F
               +-------+-------+-------+-------+-------+----------------------
         Total | 100.0 | 100.0 |  -nan |  -nan | 100.0 | 241.4
       Dungeon | 100.0 | 100.0 |  -nan |  -nan | 100.0 | 271.6
               +-------+-------+-------+-------+-------+----------------------
